 Dungeon Crawl Stone Soup version 0.24.0-28-g17ded55e90 (webtiles) character file.

Game seed: 1920849691808472339, levelgen mode: deterministic

354 Iamsoldier the Skirmisher (level 6, -3/55 (56) HPs)
             Began as a Minotaur Fighter on Nov 11, 2019.
             Splashed by a jelly's acid (5 damage)
             ... on level 5 of the Dungeon.
             The game lasted 00:13:34 (3725 turns).

Iamsoldier the Skirmisher (Minotaur Fighter)        Turns: 3725, Time: 00:13:34

HP:   -3/55 (56)    AC: -2    Str: 23    XL:     6   Next: 35%
MP:   0/5           EV:  7    Int:  5    God:
Gold: 170           SH: 10    Dex:  9    Spells: 5/5 levels left

rFire    . . .     SeeInvis .   g - +0 spear
rCold    . . .     Gourm    .   c - +0 shield
rNeg     . . .     Faith    .   b - +0 scale mail
rPois    .         Spirit   +   (helmet restricted)
rElec    .         Reflect  .   i - +0 cloak
rCorr    .         Harm     .   h - +0 pair of gloves
MR       .....                  (no boots)
Stlth    ..........             r - amulet of guardian spirit
HPRegen  0.18/turn              (no ring)
MPRegen  0.09/turn              (no ring)

@: corroded
A: retaliatory headbutt, horns 2
a: no special abilities


You were on level 5 of the Dungeon.
You were hungry.

You visited 1 branch of the dungeon, and saw 5 of its levels.

You collected 170 gold pieces.

Inventory:

Hand Weapons
 a - a +0 trident
 g - a +0 spear (weapon)
Armour
 b - a +0 scale mail (worn)
 c - a +0 shield (worn)
 h - a +0 pair of gloves (worn)
 i - a +0 cloak (worn)
Jewellery
 r - an amulet of guardian spirit (around neck)
Wands
 p - a wand of iceblast (8)
 v - a wand of flame (17)
Scrolls
 m - 2 scrolls of teleportation
 s - 3 scrolls of identify
 t - 3 scrolls of immolation
Potions
 d - a potion of might
 e - a potion of degeneration {unknown}
 j - 5 potions of curing {unknown}
 k - a potion of berserk rage {unknown}
 l - a potion of mutation {unknown}
 n - a potion of resistance {unknown}
 o - 3 potions of heal wounds {unknown}
Comestibles
 f - 8 rations


   Skills:
 + Level 5.2 Fighting
 * Level 5.0 Polearms
 + Level 5.1 Armour
 + Level 5.2 Shields
 + Level 0.0 Evocations


You had 5 spell levels left.
You didn't know any spells.
Your spell library contained the following spells:

 Spells                   Type           Power        Failure   Level  Hunger
 Beastly Appendage        Tmut           #.....       99%         1    ##.....
 Summon Small Mammal      Summ           #...         99%         1    ##.....
 Call Imp                 Summ           #.......     100%        2    ###....
 Sticks to Snakes         Tmut           #.......     100%        2    ###....
 Call Canine Familiar     Summ           #.......     100%        3    ####...
 Spider Form              Tmut/Pois      #.........   100%        3    ####...
 Summon Guardian Golem    Hex/Summ       #.......     100%        3    ####...
 Ice Form                 Ice/Tmut       #.......     100%        4    #####..
 Summon Ice Beast         Ice/Summ       #.......     100%        4    #####..
 Summon Lightning Spire   Summ/Air       #.......     100%        4    #####..
 Blade Hands              Tmut           #.........   100%        5    ######.


Dungeon Overview and Level Annotations

Branches:
Dungeon (5/15)
 Temple: D:4-7

Altars:
Gozag
Trog
Xom
Zin


Innate Abilities, Weirdness & Mutations

You reflexively headbutt those who attack you in melee.
You have a pair of horns on your head.


Message History

You hit the jelly but do no damage. The acid corrodes you!
Your hands burn!
You headbutt the jelly.
The jelly is almost dead.
The jelly hits you.
You are splashed with acid.
* * * LOW HITPOINT WARNING * * *
You hit the jelly but do no damage.
Your hands burn!
* * * LOW HITPOINT WARNING * * *
You headbutt the jelly, but do no damage.
The jelly is almost dead.
The jelly hits you.
* * * LOW HITPOINT WARNING * * *
The acid corrodes you!
You are splashed with acid!
* * * LOW HITPOINT WARNING * * *
You hit the jelly.
Your hands burn!
* * * LOW HITPOINT WARNING * * *
Your headbutt misses the jelly.
The jelly is almost dead.
The jelly barely misses you.
You hit the jelly but do no damage.
Your hands burn!
You die...

#.#
#.#.##
#.#...
#.#..####
#.#.....
#.#...#
#J#...
#@#.###.#
#.......#
###.#####
#.# #.#
#.# .#
#.# #.#
#.# #.#
#.# #.#


You could see a jelly.

Vanquished Creatures
  A necrophage (D:3)
  A howler monkey (D:4)
  2 hounds (D:4)
  Jessica (D:2)
  3 gnolls
  5 adders
  An ooze (D:2)
  4 worms
  A dart slug (D:1)
  3 leopard geckos
  An orc (D:3)
  A ball python (D:1)
  4 bats
  A giant cockroach (D:1)
  2 goblins
  8 hobgoblins
  2 jackals (D:1)
  4 quokkas
  6 frilled lizards
  7 kobolds
  6 rats
64 creatures vanquished.

Notes
Turn   | Place    | Note
-------+----------+-------------------------------------------
     0 | D:1      | Iamsoldier the Minotaur Fighter began the quest for the
                  | Orb.
     0 | D:1      | Reached XP level 1. HP: 19/19 MP: 0/0
    31 | D:1      | Reached XP level 2. HP: 3/27 MP: 1/1
   415 | D:1      | Reached XP level 3. HP: 26/33 MP: 2/2
   984 | D:2      | Found a shimmering altar of Xom.
  1285 | D:2      | Noticed Jessica
  1301 | D:2      | Killed Jessica
  1301 | D:2      | Reached XP level 4. HP: 22/41 MP: 3/3
  1973 | D:3      | Noticed a necrophage
  1988 | D:3      | Killed a necrophage
  1988 | D:3      | Reached XP level 5. HP: 43/46 MP: 4/4
  2444 | D:3      | Found an opulent altar of Gozag.
  2452 | D:3      | Found a bloodstained altar of Trog.
  2458 | D:3      | Found a glowing silver altar of Zin.
  2738 | D:4      | Reached skill level 5 in Fighting
  2738 | D:4      | Reached skill level 5 in Armour
  2738 | D:4      | Reached skill level 5 in Shields
  2738 | D:4      | Reached XP level 6. HP: 55/55 MP: 5/5
  2951 | D:4      | Reached skill level 5 in Polearms
  3674 | D:5      | Entered Level 5 of the Dungeon
  3723 | D:5      | HP: 2/55 [acid (7)]
  3725 | D:5      | Splashed by a jelly's acid

Levels and vault maps discovered:
D:1:      sevenhm_arrival_forest_fort_small_3, layout_rooms,
          chequers_serial_rivers_room_a, nrook_mini_backslash,
          hangedman_decor_push
D:2:      layout_loops_ring, old_standard_altar, first_ration, uniq_jessica
D:3:      layout_rooms, grunt_temple_overflow_diamond
D:4:      layout_basic, corexii_hall_statues_l, minmay_misc_feat_secret_circle,
          cheibrodos_gnoll_hut
D:5:      layout_basic, minmay_temple_entry_arrows, uniq_ijyb,
          uniq_blork_the_orc, uniq_eustachio, uniq_sigmund

Skill      XL: |  1  2  3  4  5  6 |
---------------+-------------------+-----
Armour         | 4 5 |  5.1
Fighting       | 4 5 |  5.2
Shields        | 4 5 |  5.2
Polearms       | 3 4 5 |  5.0

Action                   |  1- 3 |  4- 6 || total
-------------------------+-------+-------++-------
Melee: Trident           |    15 |       ||    15
       Spear             |   102 |   133 ||   235
       Headbutt          |    14 |    25 ||    39
  Use: Scroll            |     4 |     3 ||     7
       Potion            |       |     1 ||     1
  Eat: Chunk             |     1 |     4 ||     5
       Ration            |       |     1 ||     1
Armor: Scale mail        |    41 |    36 ||    77
Dodge: Dodged            |    20 |    21 ||    41
Block: Shield            |    44 |    39 ||    83
